AoeStats
← Marbas

Nomad

508507050Analyzed
4v4 RM · 9d ago on Sep 22, 2026· 49m 20s· 8 players
Game mode
Random Map
Map size
231×231
Population
200
Speed
Normal
Resources
Standard
Victory
Conquest
Starting age
Dark Age
Ending age
Imperial Age
RankedLock teamsTeams togetherTeam positionsShared explorationLock speedFull tech treeHidden civsTurbo modeCheats
Victory
Defeat
🇧🇾 Danes · Belarus
1673
+17
🇷🇺 Koreans · Russia
1617
+20
🇧🇾 Saxons · Belarus
1598
+20
🇧🇾 Varangians · Belarus
1560
+23
🇹🇷 Varangians · Türkiye
1723
-21
🇷🇺 Persians · Russia
1702
-20
🇹🇷 Saxons · Türkiye
1693
-20
🇹🇷 Danes · Türkiye
1673
-19
FeelMySpike
4:39 Loom
14:01 Feudal Age
19:04 Castle Age
24:32 Fletching
28:23 Fishing Lines
29:17 Gillnets
31:54 Wheelbarrow
31:35 Gillnets
35:42 Double-Bit Axe
37:51 Horse Collar
39:50 Bow Saw
Marbas
6:45 Loom
13:18 Feudal Age
14:18 Double-Bit Axe
17:32 Castle Age
16:33 Fishing Lines
18:19 Bow Saw
17:55 Horse Collar
18:46 Heavy Plow
19:46 Wheelbarrow
21:07 Town Watch
21:18 Stone Mining
23:12 Scale Barding Armor
24:48 Bloodlines
25:29 Chain Barding Armor
36:38 Imperial Age
34:20 Husbandry
34:29 Gold Mining
35:23 Forging
36:54 Iron Casting
36:42 Ballistics
37:09 Stone Shaft Mining
36:31 Fletching
37:46 Plate Barding Armor
37:50 Gold Shaft Mining
36:56 Cavalier
40:38 Conscription
41:42 Savar
HunTerZ
10:48 Loom
12:57 Feudal Age
13:55 Double-Bit Axe
15:45 Wheelbarrow
23:40 Castle Age
30:19 Medium Warships
45:56 Horse Collar
49:07 Scale Mail Armor
50:02 Chain Mail Armor
Raptiye Rap Rap
4:45 Loom
13:20 Feudal Age
17:13 Castle Age
15:48 Double-Bit Axe
24:13 Scale Mail Armor
29:29 Stone Mining
30:59 Wheelbarrow
34:13 Imperial Age
32:11 Bow Saw
32:33 Fletching
34:18 Chain Mail Armor
34:49 Squires
34:34 Arson
35:46 Plate Mail Armor
35:38 Forging
35:20 Gold Mining
36:21 Conscription
37:04 Gold Shaft Mining
38:59 Iron Casting
38:48 Fletching
SiraZaika
5:04 Loom
14:45 Feudal Age
15:12 Town Watch
18:39 Castle Age
17:33 Fletching
19:24 Bodkin Arrow
35:38 Horse Collar
41:55 Imperial Age
40:52 Ballistics
40:40 Scale Mail Armor
40:51 Forging
42:02 Double-Bit Axe
43:58 Wheelbarrow
43:36 Bow Saw
43:02 Pikeman
43:43 Squires
45:01 Chemistry
45:14 Bracer
45:40 Chain Mail Armor
47:05 Heavy Plow
47:33 Halberdier
47:40 Man-at-Arms
OLADUSHEK
4:59 Loom
12:35 Feudal Age
13:11 Town Watch
16:26 Castle Age
14:34 Fishing Lines
15:28 Stone Mining
16:14 Double-Bit Axe
17:04 Fletching
17:27 Bow Saw
23:42 Forging
25:13 Wheelbarrow
26:09 Scale Barding Armor
26:26 Gillnets
28:29 Iron Casting
29:55 Chain Barding Armor
29:47 Bloodlines
33:14 Medium Warships
33:10 Husbandry
36:59 Horse Collar
38:13 Gold Mining
42:56 Imperial Age
43:00 Hand Cart
42:47 Heavy Plow
44:40 Blast Furnace
43:15 Elite Jarl
46:10 Plate Barding Armor
47:06 Town Patrol
DzeDanik
6:55 Loom
13:38 Feudal Age
18:15 Castle Age
17:19 Fletching
17:24 Town Watch
18:53 Bodkin Arrow
25:53 Crossbowman
31:09 Horse Collar
32:32 Double-Bit Axe
34:31 Heavy Plow
36:11 Bow Saw
36:03 Squires
35:48 Arson
37:38 Wheelbarrow
36:49 Town Watch
37:52 Masonry
38:07 Gold Mining
38:43 Hand Cart
41:57 Imperial Age
39:53 Scale Mail Armor
40:04 Forging
40:22 Padded Archer Armor
40:36 Town Patrol
40:53 Chain Mail Armor
40:35 Gambesons
41:37 Ballistics
42:04 Hamask
43:15 Elite Varangian Guard
44:30 Plate Mail Armor
43:35 Capped Ram
44:51 Conscription
45:16 Iron Casting
44:31 Siege Ram
46:57 Blast Furnace
46:50 Pikeman
48:32 Leather Archer Armor
47:41 Halberdier
PromoART
5:04 Loom
13:07 Feudal Age
16:51 Castle Age
16:12 Double-Bit Axe
16:08 Horse Collar
17:56 Bow Saw
18:31 Wheelbarrow
17:56 Fletching
27:31 Bodkin Arrow
28:05 Hand Cart
31:05 Imperial Age
30:06 Gold Mining
30:48 Padded Archer Armor
31:22 Ballistics
32:29 Leather Archer Armor
34:35 Thumb Ring
34:17 Cranequins
35:37 Conscription
35:35 Bracer
39:34 Ring Archer Armor
40:10 Chemistry
39:38 Siege Engineers
42:49 Masonry
42:40 Heavy Mounted Crossbowman
42:55 Heavy Mounted Crossbowman
44:15 Husbandry
44:25 Bloodlines
48:10 Architecture
47:36 Murder Holes
48:15 Caravan
48:45 Coinage
48:54 Heavy Plow
49:56 Two-Man Saw
Connection lost

Rejoining the realm…

Still unreachable

The connection could not be restored.

Session expired

The server has moved on; the page needs a fresh start.